 Dungeon Crawl Stone Soup version 0.30-a0-141-g30f27751c5 (webtiles) character file.

Game seed: 456232231487063255

7507 qw the Cleaver (level 11, -1/68 HPs)
             Began as a Gargoyle Fighter on Sept 25, 2022.
             Was a Priest of Okawaru.
             Killed from afar by an oklob plant (3 damage)
             ... with a splash of acid
             ... on level 1 of the Lair of Beasts.
             The game lasted 00:04:35 (10175 turns).

qw the Cleaver (Gargoyle Fighter)                  Turns: 10175, Time: 00:04:35

Health: -1/68      AC: 26    Str: 24    XL:     11   Next: 16%
Magic:  13/14      EV: 12    Int:  9    God:    Okawaru [***...]
Gold:   318        SH: 17    Dex:  9    Spells: 10/10 levels left

rFire   . . .      SeeInvis .    Y - +0 war axe
rCold   . . .      Faith    .    g - +0 kite shield
rNeg    + . .      Spirit   .    o - +0 plate armour
rPois   inf        Reflect  +    i - +0 helmet
rElec   +          Harm     .    m - +1 cloak
rCorr   .          Rampage  .    f - +0 pair of gloves
Will    .....                    e - +0 pair of boots
Stlth   ..........               b - amulet of reflection
HPRegen 0.21/turn                h - +4 ring of evasion
MPRegen 0.14/turn                (no ring)

@: heroic, corroded, very slow
A: sickness immunity, AC +8, negative energy resistance 1, electricity
resistance, torment resistance 1, petrification resistance
a: Renounce Religion, Heroism


You were on level 1 of the Lair of Beasts.
You worshipped Okawaru.
Okawaru was most pleased with you.
You visited 3 branches of the dungeon, and saw 11 of its levels.

You collected 586 gold pieces.
You spent 268 gold pieces at shops.


Innate Abilities, Weirdness & Mutations

You are immune to sickness and miasma.
Your stone body is resilient. (AC +8)
You are immune to poison.
You resist negative energy. (rN+)
You are resistant to electric shocks. (rElec)
You are resistant to unholy torment.
You are immune to petrification.


   Skills:
 + Level 7.9(12.9) Fighting
 - Level 10.0(15.0) Axes
 - Level 3.7(8.7) Throwing
 - Level 7.1(12.1) Armour
 - Level 1.2(6.2) Dodging
 - Level 9.0(14.0) Shields
 - Level 4.3 Invocations


You had 10 spell levels left.
You didn't know any spells.
Your spell library was empty.

Inventory:

Hand Weapons
 k - a +2 vampiric whip
 Y - a +0 war axe (weapon)
Missiles
 c - 4 javelins (quivered)
 r - 3 boomerangs
 u - a silver boomerang
Armour
 e - a +0 pair of boots (worn)
 f - a +0 pair of gloves (worn)
 g - a +0 kite shield (worn)
 i - a +0 helmet (worn)
 m - a +1 cloak (worn)
 o - a +0 plate armour (worn)
Jewellery
 b - an amulet of reflection (around neck)
 h - a +4 ring of evasion (left hand)
Scrolls
 a - 8 scrolls of identify
 s - a scroll of enchant weapon {unknown}
Potions
 d - a potion of might
 l - 3 potions of cancellation
 n - 3 potions of curing
 p - 5 potions of attraction
 q - a potion of haste
 t - a potion of mutation
 v - a potion of resistance

Dungeon Overview and Level Annotations

Branches:
Dungeon (9/15)             Temple (1/1) D:7            Lair (1/5) D:9
    Orc: D:9-12

Altars:
Ashenzari
Cheibriados
Dithmenos
Elyvilon
Fedhas
Gozag
Hepliaklqana
Kikubaaqudgha
Makhleb
Nemelex Xobeh
Okawaru
Qazlal
Ru
Sif Muna
Trog
Uskayaw
Vehumet
Wu Jian
Xom
Yredelemnul
Zin
The Shining One

Shops:
D:1 ((?(*   D:4 *!:   D:7 [

Annotations:
D:4 3 runed translucent doors, qw's ghost, amateur GrFi
D:5 3 runed translucent doors, qw's ghost, novice GrFi


Message History

An oklob plant comes into view.
Enter note:
10166 ||| INVOKING Heroism.
You gain the combat prowess of a mighty hero. 2 oklob plants come into view.
There is an open door here.
Found a club, an encrusted shortbow and a scroll of vulnerability.
The oklob plant spits acid at you. The splash of acid misses you.
The oklob plant spits acid at you. The splash of acid hits you!!
The oklob plant spits acid at you. The splash of acid hits you.
The acid corrodes you!
You enter the shallow water.
Moving in this stuff is going to be slow.
The oklob plant spits acid at you. The splash of acid hits you!
10172 ||| DRINKING potion of heal wounds.
You feel much better.
You hit the oklob plant.
The oklob plant is lightly damaged.
You hit the plant.
The plant begins to die.
You hit the oklob plant but do no damage.
The oklob plant spits acid at you. The splash of acid hits you!
You hit the oklob plant.
The oklob plant is lightly damaged.
You hit the plant.
You hit the oklob plant but do no damage.
The oklob plant spits acid at you. The splash of acid hits you!
The acid corrodes you! The oklob plant spits acid at you.
The splash of acid hits you!!
You hit the oklob plant.
The oklob plant is lightly damaged.
You hit the plant.
You hit the oklob plant but do no damage.
The oklob plant spits acid at you. The splash of acid hits you.
You die...

............?...# ##.#
................#####.##
##########......##......
#?))# #?.....##......
#####...#####.......#......
#P~~.....~~P#......##......
#P~.......~P#......##P'####
#P~.......~P#......###..###
#P~.......@P#..............
#P~.......~P#..............
#P~~.....~~P#..............
.######'######..............
..........%%................
..........%.............+#..
##.P......%#%..#.......P.#P.
...#>.....##'.+##.:......##.
.. #.......#...+............


You could see 2 oklob plants.

Vanquished Creatures
  A centaur warrior (D:9)
  A manticore (D:6)
  A black mamba (Lair:1)
  2 komodo dragons (Lair:1)
  A hornet (D:8)
  16 yaks
  A steam dragon (D:8)
  2 wyverns
  3 water moccasins
  2 orc warriors
  An ice beast (D:8)
  A sky beast (D:7)
  6 black bears
  A centaur (D:8)
  A phantom (D:5)
  3 bullfrogs
  2 scorpions
  A necrophage (D:4)
  A wight (D:9)
  An electric eel (D:8)
  A gnoll bouda (D:8)
  4 hounds
  6 orc priests
  4 jellies
  3 iguanas
  6 orc wizards
  Terence (D:2)
  10 gnolls
  6 adders
  A shadow imp (D:6)
  2 white imps (D:6)
  2 worms (D:3)
  3 dart slugs
  30 orcs
  3 ball pythons
  5 endoplasms
  A giant cockroach (D:1)
  11 goblins
  4 hobgoblins
  2 jackals (D:5)
  5 quokkas
  5 bats
  2 frilled lizards
  7 kobolds
  3 rats
175 creatures vanquished.

Vanquished Creatures (others)
  A gnoll (D:6)
  14 fungi
  13 plants
28 creatures vanquished.

Grand Total: 203 creatures vanquished

Notes
Turn   | Place    | Note
-------+----------+-------------------------------------------
     0 | D:1      | qw the Gargoyle Fighter began the quest for the Orb.
     0 | D:1      | Reached XP level 1. HP: 14/14 MP: 1/1
     0 | D:1      | 0 ||| qw: Version: 0.2-a-10-g399e6c4
     0 | D:1      | 0 ||| qw: Game counter: 264
     0 | D:1      | 0 ||| qw: Always use a shield: true
     0 | D:1      | 0 ||| qw: God list: Okawaru
     0 | D:1      | 0 ||| qw: Allow faded altars: false
     0 | D:1      | 0 ||| qw: Do Orc after D:15 true
     0 | D:1      | 0 ||| qw: Do second Lair branch before Depths: true
     0 | D:1      | 0 ||| qw: Lair rune preference: random
     0 | D:1      | 0 ||| qw: Plans: Normal, Zot:1-4, God:TSO, Crypt, Tomb,
                  | Pan, Slime:5, Hells, Abyss, Orb
     0 | D:1      | 0 ||| PLANNING D:1-11
    64 | D:1      | Reached skill level 2 in Axes
   116 | D:1      | Found Wosacauke's Weapon Shop.
   129 | D:1      | 129 ||| SHOPLISTING +0 flail (38 gold, have 0).
   318 | D:1      | Found Qykeico's Weapon Boutique.
   321 | D:1      | 321 ||| Stepping ~*~*~tactically~*~*~ (hiding).
   330 | D:1      | Reached XP level 2. HP: 12/19 MP: 2/2
   460 | D:1      | Found Juod's Magic Scroll Emporium.
   469 | D:1      | 469 ||| SHOPLISTING 2 scrolls of identify (40 gold, have
                  | 11).
   469 | D:1      | 469 ||| SHOPLISTING scroll of acquirement (520 gold, have
                  | 11).
   469 | D:1      | 469 ||| SHOPLISTING scroll of identify (20 gold, have 11).
   469 | D:1      | 469 ||| SHOPLISTING scroll of teleportation (30 gold, have
                  | 11).
   555 | D:1      | Found Exiquq's General Store.
   558 | D:1      | 558 ||| SHOPLISTING scroll of enchant armour (97 gold, have
                  | 21).
   558 | D:1      | 558 ||| SHOPLISTING scroll of teleportation (39 gold, have
                  | 21).
   597 | D:1      | Found Pyxolaug's Weapon Shoppe.
   610 | D:1      | 610 ||| SHOPLISTING +2 mace of holy wrath (243 gold, have
                  | 21).
   610 | D:1      | 610 ||| SHOPLISTING +3 broad axe of freezing (338 gold,
                  | have 21).
   801 | D:1      | 801 ||| UPGRADING to +0 pair of boots.
   806 | D:1      | 806 ||| UPGRADING to +1 cloak.
   811 | D:1      | 811 ||| UPGRADING to amulet of regeneration.
   816 | D:1      | 816 ||| UPGRADING to +4 ring of evasion.
   817 | D:1      | 817 ||| READING 2 scrolls labelled IMEROITZUKH.
   818 | D:1      | 818 ||| READING scroll labelled ANIPEFFA JUHA.
   819 | D:1      | 819 ||| READING scroll labelled DUAWEI MISAE.
   820 | D:1      | 820 ||| DRINKING 2 green potions.
   921 | D:1      | 921 ||| DROPPING scroll of amnesia.
   922 | D:1      | 922 ||| DROPPING potion of ambrosia.
  1003 | D:2      | Found a radiant altar of Vehumet.
  1075 | D:2      | Found a faded altar of an unknown god.
  1110 | D:2      | Reached skill level 3 in Axes
  1161 | D:2      | Noticed Terence
  1170 | D:2      | Killed Terence
  1171 | D:2      | Reached XP level 3. HP: 17/23 MP: 3/3
  1180 | D:2      | 1180 ||| DROPPING +0 club.
  2070 | D:2      | 2070 ||| READING 2 scrolls labelled OKIMUC RAJUF.
  2071 | D:2      | 2071 ||| READING 2 scrolls labelled XOESAO KUPPEWK.
  2074 | D:2      | 2074 ||| READING scroll labelled USATOUGUDI.
  2175 | D:2      | 2175 ||| READING scroll labelled XIDULAUVEL.
  2176 | D:2      | 2176 ||| READING 2 scrolls labelled GARPHO ARCHISO.
  2177 | D:2      | 2177 ||| READING scroll labelled ZIUTUK PEIR.
  2181 | D:2      | 2181 ||| DRINKING 2 amethyst potions.
  2182 | D:2      | 2182 ||| READING 3 scrolls of identify.
  2182 | D:2      | 2182 ||| IDENTIFYING fuming sapphire potion
  2183 | D:2      | 2183 ||| READING 2 scrolls of identify.
  2183 | D:2      | 2183 ||| IDENTIFYING metallic amethyst potion
  2184 | D:2      | 2184 ||| DROPPING scroll of poison.
  2185 | D:2      | 2185 ||| DROPPING potion of degeneration.
  2186 | D:2      | 2186 ||| DROPPING scroll of fear.
  2203 | D:3      | Found a sparkling altar of Nemelex Xobeh.
  2247 | D:3      | Reached XP level 4. HP: 28/28 MP: 4/4
  2386 | D:3      | 2386 ||| Stepping ~*~*~tactically~*~*~ (stealth).
  2398 | D:3      | 2398 ||| Stepping ~*~*~tactically~*~*~ (stealth).
  2401 | D:3      | Reached skill level 4 in Axes
  2412 | D:3      | 2412 ||| Stepping ~*~*~tactically~*~*~ (stealth).
  2413 | D:3      | 2413 ||| Stepping ~*~*~tactically~*~*~ (stealth).
  2422 | D:3      | 2422 ||| FLEEEEING.
  2564 | D:3      | Reached XP level 5. HP: 32/32 MP: 5/5
  2570 | D:3      | Found a sacrificial altar of Ru.
  2901 | D:3      | Found a glowing silver altar of Zin.
  2902 | D:3      | Noticed an angel
  3208 | D:3      | 3208 ||| UPGRADING to +0 chain mail.
  3218 | D:3      | 3218 ||| DROPPING +0 scale mail.
  3219 | D:3      | 3219 ||| READING scroll labelled PESIMOISYU.
  3220 | D:3      | 3220 ||| READING 4 scrolls of identify.
  3220 | D:3      | 3220 ||| IDENTIFYING golden potion
  3221 | D:3      | 3221 ||| READING 3 scrolls of identify.
  3221 | D:3      | 3221 ||| IDENTIFYING fuming golden potion
  3222 | D:3      | 3222 ||| READING 2 scrolls of identify.
  3222 | D:3      | 3222 ||| IDENTIFYING sedimented dark potion
  3223 | D:3      | 3223 ||| DROPPING potion of invisibility.
  3332 | D:4      | Reached skill level 5 in Axes
  3372 | D:4      | Reached XP level 6. HP: 37/38 MP: 6/6
  3449 | D:4      | 3449 ||| Stepping ~*~*~tactically~*~*~ (stealth).
  3477 | D:4      | Found a runed translucent gate.
  3481 | D:4      | Found a runed translucent gate.
  3482 | D:4      | Found a runed translucent gate.
  3483 | D:4      | Found an opulent altar of Gozag.
  3664 | D:4      | 3664 ||| DROPPING +4 mace of holy wrath.
  3689 | D:4      | Found Teth's Book Shoppe.
  3761 | D:4      | Identified the +9 battleaxe "Gicyraf" {drain, rC+}
  3846 | D:4      | Found Qar Fome's Distillery.
  3852 | D:4      | 3852 ||| BUYING 2 potions of curing (78 gold).
  3852 | D:4      | Bought 2 potions of curing for 78 gold pieces
  3852 | D:4      | 3852 ||| BUYING potion of cancellation (104 gold).
  3852 | D:4      | Bought a potion of cancellation for 104 gold pieces
  3852 | D:4      | 3852 ||| SHOPLISTING potion of curing (39 gold, have 17).
  3852 | D:4      | 3852 ||| SHOPLISTING potion of resistance (130 gold, have
                  | 17).
  3929 | D:4      | Noticed qw's ghost (amateur GrFi)
  3929 | D:4      | Noticed a sky beast
  3971 | D:4      | Found Mitoute's Assorted Antiques.
  3992 | D:4      | 3992 ||| SHOPLISTING potion of curing (69 gold, have 26).
  3992 | D:4      | 3992 ||| SHOPLISTING runed morningstar (161 gold, have 26).
  3992 | D:4      | 3992 ||| BUYING scroll labelled ZEAPOU IDAGU (23 gold).
  3992 | D:4      | Bought a scroll labelled ZEAPOU IDAGU for 23 gold pieces
  3992 | D:4      | 3992 ||| SHOPLISTING scroll of identify (46 gold, have 3).
  3992 | D:4      | 3992 ||| SHOPLISTING scroll of teleportation (69 gold, have
                  | 3).
  4151 | D:4      | 4151 ||| UPGRADING to +0 pair of gloves.
  4156 | D:4      | 4156 ||| UPGRADING to +0 plate armour.
  4166 | D:4      | 4166 ||| DROPPING +0 chain mail.
  4167 | D:4      | 4167 ||| UPGRADING to amulet of reflection.
  4177 | D:4      | 4177 ||| DROPPING amulet of regeneration.
  4178 | D:4      | 4178 ||| READING scroll labelled ADOEFR NAK ZOA.
  4179 | D:4      | 4179 ||| READING scroll labelled ZEAPOU IDAGU.
  4180 | D:4      | 4180 ||| READING 3 scrolls of identify.
  4180 | D:4      | 4180 ||| IDENTIFYING fizzy silvery potion
  4181 | D:4      | 4181 ||| READING 2 scrolls of identify.
  4181 | D:4      | 4181 ||| IDENTIFYING orange potion
  4182 | D:4      | 4182 ||| DROPPING potion of flight.
  4223 | D:5      | Entered Level 5 of the Dungeon
  4224 | D:5      | 4224 ||| PLANNING SEWER
  4224 | D:5      | 4224 ||| READING 2 scrolls of teleportation.
  4225 | D:5      | 4225 ||| STAIRDANCE
  4346 | D:5      | Noticed a black bear
  4357 | D:5      | Killed a black bear
  4358 | D:5      | Reached skill level 6 in Axes
  4420 | D:5      | 4420 ||| DRINKING 3 potions of curing.
  4420 | D:5      | 4420 ||| (to cure confusion)
  4424 | D:5      | Reached XP level 7. HP: 23/43 MP: 7/7
  4623 | D:5      | Found a runed translucent gate.
  4624 | D:5      | Found a runed translucent gate.
  4624 | D:5      | Found a runed translucent gate.
  4624 | D:5      | Noticed a steam dragon
  4624 | D:5      | Noticed qw's ghost (novice GrFi)
  4650 | D:5      | Found a glowing drain.
  4651 | D:5      | 4651 ||| UPGRADING to +0 helmet.
  4656 | D:5      | 4656 ||| DRINKING 3 sedimented clear potions.
  4851 | D:5      | 4851 ||| Stepping ~*~*~tactically~*~*~ (stealth).
  4852 | D:5      | 4852 ||| Stepping ~*~*~tactically~*~*~ (stealth).
  4853 | D:5      | 4853 ||| Stepping ~*~*~tactically~*~*~ (stealth).
  4867 | D:5      | 4867 ||| Stepping ~*~*~tactically~*~*~ (stealth).
  4924 | D:5      | 4924 ||| RIP SEWER
  4925 | D:5      | 4925 ||| PLANNING D:1-11
  4928 | D:5      | Reached skill level 7 in Axes
  5086 | D:5      | 5086 ||| Stepping ~*~*~tactically~*~*~ (hiding).
  5303 | D:5      | 5303 ||| DROPPING orb of light.
  5304 | D:5      | 5304 ||| READING scroll labelled JOIRRUA GONYM.
  5395 | D:6      | 5395 ||| READING 2 scrolls of teleportation.
  5398 | D:6      | Found a shimmering blue altar of Sif Muna.
  5398 | D:6      | Found an opulent altar of Gozag.
  5400 | D:6      | Found a glowing golden altar of the Shining One.
  5400 | D:6      | Found a burning altar of Makhleb.
  5571 | D:6      | Reached XP level 8. HP: 48/48 MP: 8/8
  5847 | D:6      | 5847 ||| Stepping ~*~*~tactically~*~*~ (stealth).
  5848 | D:6      | 5848 ||| Stepping ~*~*~tactically~*~*~ (stealth).
  5852 | D:6      | 5852 ||| Stepping ~*~*~tactically~*~*~ (stealth).
  5853 | D:6      | 5853 ||| Stepping ~*~*~tactically~*~*~ (stealth).
  5854 | D:6      | 5854 ||| Stepping ~*~*~tactically~*~*~ (stealth).
  5871 | D:6      | 5871 ||| Stepping ~*~*~tactically~*~*~ (stealth).
  6029 | D:6      | Reached skill level 1 in Dodging
  6033 | D:6      | 6033 ||| READING scroll labelled ZEASTI EPLE.
  6034 | D:6      | 6034 ||| READING 3 scrolls of identify.
  6034 | D:6      | 6034 ||| IDENTIFYING purple potion
  6035 | D:6      | 6035 ||| READING 2 scrolls of identify.
  6035 | D:6      | 6035 ||| IDENTIFYING fizzy black potion
  6036 | D:6      | 6036 ||| DROPPING potion of brilliance.
  6037 | D:6      | 6037 ||| READING scroll of teleportation.
  6067 | D:6      | 6067 ||| Stepping randomly (stuck).
  6068 | D:6      | 6068 ||| Stepping randomly (stuck).
  6069 | D:6      | 6069 ||| Stepping randomly (stuck).
  6070 | D:6      | 6070 ||| Stepping randomly (stuck).
  6111 | D:6      | 6111 ||| Stepping ~*~*~tactically~*~*~ (stealth).
  6172 | D:6      | Noticed a manticore
  6180 | D:6      | 6180 ||| Stepping randomly (stuck).
  6181 | D:6      | 6181 ||| Stepping randomly (stuck).
  6182 | D:6      | 6182 ||| Stepping randomly (stuck).
  6183 | D:6      | 6183 ||| Stepping randomly (stuck).
  6184 | D:6      | 6184 ||| Stepping randomly (stuck).
  6185 | D:6      | 6185 ||| Stepping randomly (stuck).
  6186 | D:6      | 6186 ||| Stepping randomly (stuck).
  6187 | D:6      | 6187 ||| Stepping randomly (stuck).
  6188 | D:6      | 6188 ||| Stepping randomly (stuck).
  6189 | D:6      | 6189 ||| Stepping randomly (stuck).
  6190 | D:6      | 6190 ||| Stepping randomly (stuck).
  6192 | D:6      | 6192 ||| Stepping randomly (stuck).
  6194 | D:6      | 6194 ||| Stepping randomly (stuck).
  6196 | D:6      | 6196 ||| Stepping randomly (stuck).
  6198 | D:6      | 6198 ||| Stepping randomly (stuck).
  6200 | D:6      | 6200 ||| Stepping randomly (stuck).
  6202 | D:6      | 6202 ||| Stepping randomly (stuck).
  6204 | D:6      | 6204 ||| Stepping randomly (stuck).
  6206 | D:6      | 6206 ||| Stepping randomly (stuck).
  6207 | D:6      | 6207 ||| Stepping randomly (stuck).
  6208 | D:6      | 6208 ||| Stepping randomly (stuck).
  6210 | D:6      | 6210 ||| Stepping randomly (stuck).
  6212 | D:6      | 6212 ||| Stepping randomly (stuck).
  6213 | D:6      | 6213 ||| Stepping randomly (stuck).
  6214 | D:6      | 6214 ||| Stepping randomly (stuck).
  6216 | D:6      | 6216 ||| Stepping randomly (stuck).
  6218 | D:6      | 6218 ||| Stepping randomly (stuck).
  6219 | D:6      | 6219 ||| Stepping randomly (stuck).
  6220 | D:6      | 6220 ||| Stepping randomly (stuck).
  6221 | D:6      | 6221 ||| Stepping randomly (stuck).
  6222 | D:6      | 6222 ||| Stepping randomly (stuck).
  6223 | D:6      | 6223 ||| Stepping randomly (stuck).
  6224 | D:6      | 6224 ||| Stepping randomly (stuck).
  6225 | D:6      | 6225 ||| Stepping randomly (stuck).
  6226 | D:6      | 6226 ||| Stepping randomly (stuck).
  6227 | D:6      | 6227 ||| Stepping randomly (stuck).
  6228 | D:6      | 6228 ||| Stepping randomly (stuck).
  6229 | D:6      | 6229 ||| Stepping randomly (stuck).
  6230 | D:6      | 6230 ||| Stepping randomly (stuck).
  6232 | D:6      | 6232 ||| Stepping randomly (stuck).
  6233 | D:6      | 6233 ||| Stepping randomly (stuck).
  6234 | D:6      | 6234 ||| Stepping randomly (stuck).
  6235 | D:6      | 6235 ||| Stepping randomly (stuck).
  6236 | D:6      | 6236 ||| Stepping randomly (stuck).
  6237 | D:6      | 6237 ||| Stepping randomly (stuck).
  6238 | D:6      | 6238 ||| Stepping randomly (stuck).
  6239 | D:6      | 6239 ||| Stepping randomly (stuck).
  6240 | D:6      | 6240 ||| Stepping randomly (stuck).
  6241 | D:6      | 6241 ||| Stepping randomly (stuck).
  6242 | D:6      | 6242 ||| Stepping randomly (stuck).
  6244 | D:6      | 6244 ||| Stepping randomly (stuck).
  6245 | D:6      | 6245 ||| Stepping randomly (stuck).
  6246 | D:6      | 6246 ||| Stepping randomly (stuck).
  6247 | D:6      | 6247 ||| Stepping randomly (stuck).
  6248 | D:6      | 6248 ||| Stepping randomly (stuck).
  6249 | D:6      | 6249 ||| Stepping randomly (stuck).
  6250 | D:6      | 6250 ||| Stepping randomly (stuck).
  6251 | D:6      | 6251 ||| Stepping randomly (stuck).
  6252 | D:6      | 6252 ||| Stepping randomly (stuck).
  6253 | D:6      | 6253 ||| Stepping randomly (stuck).
  6254 | D:6      | 6254 ||| Stepping randomly (stuck).
  6255 | D:6      | 6255 ||| Stepping randomly (stuck).
  6256 | D:6      | 6256 ||| Stepping randomly (stuck).
  6257 | D:6      | 6257 ||| Stepping randomly (stuck).
  6258 | D:6      | 6258 ||| Stepping randomly (stuck).
  6259 | D:6      | 6259 ||| Stepping randomly (stuck).
  6260 | D:6      | 6260 ||| Stepping randomly (stuck).
  6261 | D:6      | 6261 ||| Stepping randomly (stuck).
  6262 | D:6      | 6262 ||| Stepping randomly (stuck).
  6263 | D:6      | 6263 ||| Stepping randomly (stuck).
  6264 | D:6      | 6264 ||| Stepping randomly (stuck).
  6265 | D:6      | 6265 ||| Stepping randomly (stuck).
  6266 | D:6      | 6266 ||| Stepping randomly (stuck).
  6267 | D:6      | 6267 ||| Stepping randomly (stuck).
  6268 | D:6      | 6268 ||| Stepping randomly (stuck).
  6269 | D:6      | 6269 ||| Stepping randomly (stuck).
  6270 | D:6      | 6270 ||| Stepping randomly (stuck).
  6271 | D:6      | 6271 ||| Stepping randomly (stuck).
  6272 | D:6      | 6272 ||| Stepping randomly (stuck).
  6273 | D:6      | 6273 ||| Stepping randomly (stuck).
  6274 | D:6      | 6274 ||| Stepping randomly (stuck).
  6275 | D:6      | 6275 ||| Stepping randomly (stuck).
  6276 | D:6      | 6276 ||| Stepping randomly (stuck).
  6277 | D:6      | 6277 ||| Stepping randomly (stuck).
  6278 | D:6      | 6278 ||| Stepping randomly (stuck).
  6279 | D:6      | 6279 ||| Stepping randomly (stuck).
  6281 | D:6      | 6281 ||| Stepping randomly (stuck).
  6283 | D:6      | 6283 ||| Stepping randomly (stuck).
  6284 | D:6      | 6284 ||| Stepping randomly (stuck).
  6285 | D:6      | 6285 ||| Stepping randomly (stuck).
  6286 | D:6      | 6286 ||| Stepping randomly (stuck).
  6288 | D:6      | 6288 ||| Stepping randomly (stuck).
  6289 | D:6      | 6289 ||| Stepping randomly (stuck).
  6290 | D:6      | 6290 ||| Stepping randomly (stuck).
  6291 | D:6      | 6291 ||| Stepping randomly (stuck).
  6292 | D:6      | 6292 ||| Stepping randomly (stuck).
  6293 | D:6      | 6293 ||| Stepping randomly (stuck).
  6294 | D:6      | 6294 ||| Stepping randomly (stuck).
  6295 | D:6      | 6295 ||| Stepping randomly (stuck).
  6296 | D:6      | 6296 ||| Stepping randomly (stuck).
  6297 | D:6      | 6297 ||| Stepping randomly (stuck).
  6298 | D:6      | 6298 ||| Stepping randomly (stuck).
  6299 | D:6      | 6299 ||| Stepping randomly (stuck).
  6300 | D:6      | 6300 ||| Stepping randomly (stuck).
  6301 | D:6      | 6301 ||| Stepping randomly (stuck).
  6302 | D:6      | 6302 ||| Stepping randomly (stuck).
  6303 | D:6      | 6303 ||| Stepping randomly (stuck).
  6304 | D:6      | 6304 ||| Stepping randomly (stuck).
  6305 | D:6      | 6305 ||| Stepping randomly (stuck).
  6306 | D:6      | 6306 ||| Stepping randomly (stuck).
  6307 | D:6      | 6307 ||| Stepping randomly (stuck).
  6308 | D:6      | 6308 ||| Stepping randomly (stuck).
  6309 | D:6      | 6309 ||| Stepping randomly (stuck).
  6328 | D:6      | Reached skill level 8 in Axes
  6338 | D:6      | Killed a manticore
  6339 | D:6      | Reached XP level 9. HP: 18/54 MP: 9/9
  6560 | D:6      | 6560 ||| Stepping randomly (stuck).
  6561 | D:6      | 6561 ||| Stepping randomly (stuck).
  6562 | D:6      | 6562 ||| Stepping randomly (stuck).
  6564 | D:6      | 6564 ||| Stepping randomly (stuck).
  6566 | D:6      | 6566 ||| Stepping randomly (stuck).
  6568 | D:6      | 6568 ||| Stepping randomly (stuck).
  6569 | D:6      | 6569 ||| Stepping randomly (stuck).
  6571 | D:6      | 6571 ||| Stepping randomly (stuck).
  6572 | D:6      | 6572 ||| Stepping randomly (stuck).
  6573 | D:6      | 6573 ||| Stepping randomly (stuck).
  6575 | D:6      | 6575 ||| Stepping randomly (stuck).
  6577 | D:6      | 6577 ||| Stepping randomly (stuck).
  6584 | D:6      | 6584 ||| Stepping ~*~*~tactically~*~*~ (hiding).
  6585 | D:6      | 6585 ||| Stepping ~*~*~tactically~*~*~ (hiding).
  6815 | D:7      | Found Gonaotod's Armour Shoppe.
  6818 | D:7      | 6818 ||| BUYING +0 kite shield (63 gold).
  6818 | D:7      | Bought a +0 kite shield for 63 gold pieces
  6830 | D:7      | Found a shadowy altar of Dithmenos.
  7065 | D:7      | Found a bloodstained altar of Trog.
  7090 | D:7      | Found a staircase to the Ecumenical Temple.
  7091 | D:7      | 7091 ||| PLANNING TEMPLE
  7091 | D:7      | 7091 ||| UPGRADING to +0 kite shield.
  7101 | D:7      | 7101 ||| DROPPING +0 buckler.
  7102 | D:7      | 7102 ||| DROPPING amulet of magic regeneration.
  7103 | D:7      | 7103 ||| DROPPING +6 ring of intelligence.
  7111 | Temple   | Entered the Ecumenical Temple
  7114 | Temple   | 7114 ||| PLANNING OKAWARU WORSHIP
  7129 | Temple   | Became a worshipper of Warmaster Okawaru
  7130 | Temple   | 7130 ||| PLANNING D:1-11
  7503 | D:7      | 7503 ||| READING scroll labelled CAICKUTHRYU.
  7960 | D:8      | Reached * piety under Okawaru
  7961 | D:8      | 7961 ||| INVOKING Heroism.
  7965 | D:8      | Reached skill level 6 in Shields
  7965 | D:8      | Reached skill level 1 in Invocations
  8175 | D:8      | Found a stormy altar of Qazlal.
  8238 | D:8      | 8238 ||| Stepping ~*~*~tactically~*~*~ (hiding).
  8246 | D:8      | 8246 ||| DRINKING 4 potions of curing.
  8246 | D:8      | 8246 ||| (to cure confusion)
  8252 | D:8      | 8252 ||| FLEEEEING.
  8253 | D:8      | 8253 ||| STAIRDANCE
  8469 | D:9      | Noticed a hornet
  8470 | D:9      | 8470 ||| STAIRDANCE
  8490 | D:8      | Killed a hornet
  8491 | D:8      | Reached skill level 3 in Invocations
  8506 | D:9      | 8506 ||| STAIRDANCE
  8513 | D:8      | Reached skill level 6 in Fighting
  8518 | D:8      | 8518 ||| INVOKING Heroism.
  8630 | D:9      | 8630 ||| STAIRDANCE
  8637 | D:8      | Reached ** piety under Okawaru
  8638 | D:8      | Reached XP level 10. HP: 50/60 MP: 13/13
  8697 | D:9      | 8697 ||| STAIRDANCE
  8704 | D:8      | 8704 ||| INVOKING Heroism.
  8855 | D:9      | 8855 ||| STAIRDANCE
  8860 | D:8      | 8860 ||| INVOKING Heroism.
  8866 | D:8      | Reached skill level 9 in Axes
  9014 | D:9      | 9014 ||| STAIRDANCE
  9113 | D:9      | 9113 ||| STAIRDANCE
  9210 | D:9      | 9210 ||| INVOKING Heroism.
  9218 | D:9      | 9218 ||| DRINKING 4 potions of curing.
  9218 | D:9      | 9218 ||| (to cure confusion)
  9230 | D:9      | Reached skill level 1 in Throwing
  9235 | D:9      | 9235 ||| INVOKING Heroism.
  9265 | D:9      | Found a staircase to the Lair.
  9298 | D:9      | Found a shimmering altar of Xom.
  9321 | D:9      | Noticed a centaur warrior
  9322 | D:9      | 9322 ||| Stepping ~*~*~tactically~*~*~ (hiding).
  9340 | D:9      | Killed a centaur warrior
  9341 | D:9      | Reached skill level 3 in Throwing
  9439 | D:9      | Found a basalt altar of Yredelemnul.
  9461 | D:9      | 9461 ||| INVOKING Heroism.
  9466 | D:9      | Reached *** piety under Okawaru
  9480 | D:9      | Reached skill level 9 in Shields
  9692 | D:9      | 9692 ||| PLANNING LAIR
  9705 | Lair:1   | Entered Level 1 of the Lair of Beasts
  9706 | Lair:1   | 9706 ||| INVOKING Heroism.
  9724 | Lair:1   | Reached XP level 11. HP: 17/67 MP: 14/14
 10075 | Lair:1   | 10075 ||| INVOKING Heroism.
 10076 | Lair:1   | 10076 ||| Stepping ~*~*~tactically~*~*~ (stealth).
 10080 | Lair:1   | Received a gift from Okawaru
 10093 | Lair:1   | 10093 ||| Stepping ~*~*~tactically~*~*~ (stealth).
 10100 | Lair:1   | 10100 ||| INVOKING Heroism.
 10104 | Lair:1   | Reached skill level 10 in Axes
 10165 | Lair:1   | Noticed an oklob plant
 10166 | Lair:1   | 10166 ||| INVOKING Heroism.
 10167 | Lair:1   | Noticed an oklob plant
 10167 | Lair:1   | Noticed an oklob plant
 10171 | Lair:1   | HP: 17/68 [oklob plant/splash of acid (13)]
 10172 | Lair:1   | 10172 ||| DRINKING potion of heal wounds.
 10174 | Lair:1   | HP: 2/68 [oklob plant/splash of acid (27)]
 10175 | Lair:1   | Killed from afar by an oklob plant

Levels and vault maps discovered:
D:1:      kennysheep_arrival_seaside, layout_basic, serial_shops,
          nicolae_shop_behind_doors, nicolae_diamond_shop, nicolae_shop_stone,
          shop, shop, hangedman_decor_growths
D:2:      layout_basic, basic_altar, hellmonk_ecumenical_altar_lost_god,
          uniq_terence
D:3:      layout_basic, mainiacjoe_overflow_24_doors, lemuel_tele_altar,
          zin_angel, serial_co_window_serial, co_window_paths_b,
          co_window_of_opportunity_a, co_window_paths_b, co_window_paths_a,
          co_window_paths_a, co_window_cross_3, co_window_broadway_c,
          co_window_corner_ca, co_window_of_opportunity_b, co_window_cross_3,
          co_window_broadway_c, co_window_corner_b, co_window_paths_d,
          glass_columns_a
D:4:      layout_cave_pods, ebering_ghost_gozag, serial_shops,
          nicolae_shop_overgrown_old_shop, nicolae_stop_n_shop_2, shop,
          grunt_decor_one_mirror
D:5:      layout_loops_ring, gup_sewer_entry_glass, gammafunk_ghost_split,
          reono_crystal_passage
D:6:      minmay_chambers_of_fours, layout_basic, grunt_temple_overflow_open,
          hangedman_glass_teeth, kennysheep_small_spiral, lemuel_flamethrower_1
D:7:      layout_rooms, trog_three_pillars_becter,
          nicolae_dithmenos_through_a_glass_darkly, temple_green, serial_shops,
          nicolae_shop_statue_plus, sigmund_army
D:8:      layout_basic, nicolae_qazlal_general_emergency
D:9:      layout_rooms, lemuel_crystal_altar, mainiacjoe_overflow_alcove_1,
          due_lair_maze_entry_diamond, enter_bailey_3
Temple:   hellmonk_temple_rainy
Lair:1:   dpeg_oklob_gauntlet, layout_regular_city, minivault_25,
          lemuel_fruit_fields, uniq_harold

Skill      XL: |  1  2  3  4  5  6  7  8  9 10 11 |
---------------+----------------------------------+-----
Axes           | 2 3 4 5 6 7 8 9 10 | 10.0
Fighting       | 4 5 6 7 |  7.9
Armour         | 5 7 |  7.1
Dodging        | 1 |  1.2
Shields        | 8 9 |  9.0
Invocations    | 4 |  4.3
Throwing       | 3 |  3.7

Action                   |  1- 3 |  4- 6 |  7- 9 | 10-12 || total
-------------------------+-------+-------+-------+-------++-------
Melee: War axe           |    73 |   152 |   339 |   173 ||   737
Throw: Boomerang         |       |       |     8 |       ||     8
       Javelin           |       |       |       |     2 ||     2
Invok: Heroism           |       |       |     2 |     9 ||    11
  Use: Scroll            |    11 |     9 |     7 |       ||    27
       Potion            |     2 |     1 |     2 |     2 ||     7
Armor: Scale mail        |    29 |    17 |       |       ||    46
       Chain mail        |       |    33 |       |       ||    33
       Plate armour      |       |    30 |   219 |   105 ||   354
Dodge: Dodged            |    44 |    77 |   130 |    66 ||   317
Block: Buckler           |    16 |    46 |    84 |       ||   146
       Reflection        |       |       |     6 |       ||     6
       Kite shield       |       |       |   133 |   131 ||   264

Table legend:
 A = Non-vault XP
 B = Vault XP
 C = Vault XP percentage of total XP
 D = Non-vault monster count
 E = Vault monster count
 F = Vault count percentage of total count
                 A         B        C        D         E       F
            +---------+---------+-------+---------+---------+-------
      Total |    8754 |    1971 |  18.4 |     151 |      24 |  13.7
            +---------+---------+-------+---------+---------+-------
        D:1 |      18 |       0 |   0.0 |       9 |       0 |   0.0
        D:2 |      25 |      32 |  56.1 |      16 |       1 |   5.9
        D:3 |     109 |       0 |   0.0 |      24 |       0 |   0.0
        D:4 |     244 |       0 |   0.0 |      15 |       0 |   0.0
        D:5 |     618 |       0 |   0.0 |      17 |       0 |   0.0
        D:6 |     608 |     722 |  54.3 |      17 |       6 |  26.1
        D:7 |     367 |      12 |   3.2 |       5 |       4 |  44.4
        D:8 |    2447 |     989 |  28.8 |      25 |       7 |  21.9
        D:9 |    2150 |     216 |   9.1 |      15 |       6 |  28.6
     Lair:1 |    2168 |       0 |   0.0 |       8 |       0 |   0.0
            +---------+---------+-------+---------+---------+-------
